 Dungeon Crawl Stone Soup version 0.20.1-1-g8b1a95d (webtiles) character file.

762 keltmir the Grappler (level 7, -1/61 HPs)
             Began as a Ghoul Monk on Oct 27, 2017.
             Shot with an arrow by a centaur (2 damage)
             ... on level 5 of the Dungeon.
             The game lasted 00:15:35 (3954 turns).

keltmir the Grappler (Ghoul Monk)                   Turns: 3954, Time: 00:15:36

Health: -1/61      AC:  5    Str: 17    XL:     7   Next: 81%
Magic:  6/6        EV: 11    Int:  5    God:
Gold:   149        SH:  0    Dex: 11    Spells: 6/6 levels left

rFire    . . .     SeeInvis .     - Unarmed
rCold    + . .     Gourm    .   (no shield)
rNeg     + + +     Faith    .   i - +0 ring mail
rPois    ∞         Spirit   .   (no helmet)
rElec    .         Reflect  .   (no cloak)
rCorr    .         Harm     .   (no gloves)
MR       .....                  (no boots)
Stlth    +.........             (no amulet)
Regen    0.0/turn               (no ring)
MPRegen  0.1/turn               (no ring)

@: rotting
A: rotting body, claws 1, carnivore 3, cold resistance 1, negative energy
resistance 3, inhibited regeneration, torment resistance, unbreathing
a: no special abilities


You were on level 5 of the Dungeon.
You were not hungry.

You visited 1 branch of the dungeon, and saw 5 of its levels.

You collected 149 gold pieces.

Inventory:

Missiles
 r - 2 javelins of penetration (quivered)
Armour
 a - a +0 robe
 f - a +0 leather armour
 i - a +0 ring mail (worn)
Wands
 c - a wand of paralysis (4/24)
 q - a wand of confusion (28/48)
Scrolls
 e - 2 scrolls of identify
 j - 2 scrolls of magic mapping
 l - a scroll of noise {unknown}
 m - a scroll of enchant armour {unknown}
 o - 2 scrolls of remove curse
 p - 2 scrolls of amnesia {unknown}
Potions
 d - a potion of invisibility
 g - a potion of haste {unknown}
 h - 4 potions of heal wounds {unknown}
 k - a potion of flight {unknown}
 s - a potion of brilliance {unknown}
Comestibles
 b - 3 meat rations
 n - a royal jelly
 t - 3 chunks of flesh


   Skills:
 * Level 5.0 Fighting
 + Level 0.5 Throwing
 - Level 2.6 Dodging
 - Level 2.1 Stealth
 * Level 8.9 Unarmed Combat


You had 6 spell levels left.
You didn't know any spells.

Dungeon Overview and Level Annotations

Branches:
Dungeon (5/15)             Temple (0/1) D:4

Altars:
Nemelex Xobeh
Trog
Zin


Innate Abilities, Weirdness & Mutations

Your body is rotting away.
You thrive on raw meat.
You are immune to poison.
You have sharp fingernails.
You are carnivorous and can eat meat at any time.
Your flesh is cold resistant. (rC+)
You are immune to negative energy. (rN+++)
You do not regenerate when monsters are visible.
You are immune to unholy pain and torment.
You can survive without breathing.


Message History

You are no longer corroded.
The centaur shoots an arrow.
The arrow hits you.
You see here an arrow.
The orc hits you but does no damage.
You claw the orc!
You kill the orc!
The centaur shoots an arrow.
The arrow hits you!
The centaur shoots an arrow.
The arrow hits you.
* * * LOW HITPOINT WARNING * * *
You see here an arrow.
The centaur shoots an arrow.
The arrow hits you!
* * * LOW HITPOINT WARNING * * *
You see here an arrow.
The centaur shoots an arrow.
The arrow barely misses you.
The centaur shoots an arrow.
The arrow hits you!
* * * LOW HITPOINT WARNING * * *
There is a stone staircase leading up here.
You see here an arrow.
The centaur shoots an arrow.
The arrow hits you.
You die...

########### #
#.#######.#.#.#...############
#....<........#...[...........
#.#######.#............#######
#..........@.....###.#######
#.#####.###(.....#..........
...# #(.....########### .....#
#(.....# .......###c#.#..#
.......#.....#..#
########.#####..#
.......(.......#
########(.....#..


You could see a centaur.

Vanquished Creatures
  Grinder (D:4)
  The ghost of Frank the Skirmisher, an amateur OpFi (D:3)
  A scorpion (D:4)
  A howler monkey (D:4)
  A hound (D:5)
  A jelly (D:5)
  An orc wizard (D:4)
  2 iguanas (D:4)
  A worker ant (D:4)
  Robin (D:3)
  A howler monkey skeleton (D:2)
  9 adders
  3 adder zombies (D:2)
  An adder skeleton (D:2)
  2 dart slugs
  2 leopard geckos
  5 orcs
  7 bats
  2 bat zombies (D:2)
  5 giant cockroaches
  20 goblins
  10 hobgoblins
  2 jackals (D:5)
  A quokka (D:2)
  3 ball pythons
  5 frilled lizards
  11 kobolds
  11 rats
  A plant (D:1)
112 creatures vanquished.

Notes
Turn   | Place    | Note
-------+----------+-------------------------------------------
     0 | D:1      | keltmir the Ghoul Monk began the quest for the Orb.
     0 | D:1      | Reached XP level 1. HP: 19/19 MP: 0/0
   171 | D:1      | Reached XP level 2. HP: 19/26 MP: 1/1
   368 | D:1      | Reached skill level 4 in Unarmed Combat
   687 | D:1      | Reached XP level 3. HP: 33/33 MP: 2/2
  1226 | D:2      | Reached XP level 4. HP: 38/40 MP: 3/3
  1625 | D:2      | Reached skill level 5 in Unarmed Combat
  1994 | D:3      | Reached XP level 5. HP: 41/46 MP: 4/4
  2232 | D:3      | Noticed Robin
  2250 | D:3      | Killed Robin
  2294 | D:3      | Noticed Frank's ghost (amateur OpFi)
  2305 | D:3      | Killed Frank's ghost
  2305 | D:3      | Reached skill level 6 in Unarmed Combat
  2305 | D:3      | Reached XP level 6. HP: 42/53 MP: 5/5
  2719 | D:4      | Noticed Grinder
  2739 | D:4      | Killed Grinder
  2739 | D:4      | Reached skill level 7 in Unarmed Combat
  2739 | D:4      | Reached XP level 7. HP: 42/60 MP: 6/6
  2851 | D:4      | Found a bloodstained altar of Trog.
  3087 | D:4      | Found a sparkling altar of Nemelex Xobeh.
  3099 | D:4      | Reached skill level 8 in Unarmed Combat
  3270 | D:4      | Found a glowing silver altar of Zin.
  3563 | D:4      | Found a staircase to the Ecumenical Temple.
  3820 | D:5      | Entered Level 5 of the Dungeon
  3928 | D:5      | Reached skill level 5 in Fighting
  3952 | D:5      | HP: 1/61 [centaur/arrow (7)]
  3954 | D:5      | Shot with an arrow by a centaur

Skill      XL: |  1  2  3  4  5  6  7 |
---------------+----------------------+-----
Unarmed Combat | 4 5 6 7 8 |  8.9
Fighting       | 4 5 |  5.0
Throwing       | |  0.5
Dodging        | |  2.6
Stealth        | |  2.1

Action                   |  1- 3 |  4- 6 |  7- 9 || total
-------------------------+-------+-------+-------++-------
Melee: Unarmed           |    97 |   184 |    96 ||   377
       Punch             |     1 |     3 |     5 ||     9
Throw: Javelin           |       |     4 |       ||     4
  Use: Scroll            |     1 |     5 |       ||     6
  Eat: Chunk             |     8 |    16 |     9 ||    33
Armor: Robe              |    10 |       |       ||    10
       Leather armour    |    10 |       |       ||    10
       Ring mail         |     7 |    72 |    39 ||   118
Dodge: Dodged            |    58 |   134 |    73 ||   265
